[ AOE2 MATCH · #481228071 ]
UnrankedMagyars vs Chinese
[ REPLAY ANALYSIS · EXTRACTED FROM THE RECORDED GAME ]
Feudal
11:05
Castle
14:54
Imperial
28:17
| APM avg | 39.8 |
| APM peak | 90 |
| eAPM avg | 21.0 |
| Villagers / military | 183 / 84 |
Focus
⚔️ 21.9% · 🌾 78.1%
Cavalry Archer ×72 · Magyar Huszar ×9 · Monk ×3
Feudal
10:56
Castle
15:32
Imperial
27:45
| APM avg | 21.0 |
| APM peak | 48 |
| eAPM avg | 14.3 |
| Villagers / military | 103 / 48 |
Focus
⚔️ 23.4% · 🌾 76.6%
Fire Lancer ×24 · Iron Pagoda ×16 · Battering Ram ×8
Feudal
11:18
Castle
20:23
Imperial
—
| APM avg | 21.8 |
| APM peak | 57 |
| eAPM avg | 14.2 |
| Villagers / military | 64 / 6 |
Focus
⚔️ 18.8% · 🌾 81.2%
Mangonel ×4 · Monk ×2
Feudal
11:09
Castle
15:04
Imperial
—
| APM avg | 9.7 |
| APM peak | 48 |
| eAPM avg | 5.8 |
| Villagers / military | 37 / 7 |
Focus
⚔️ 10.7% · 🌾 89.3%
Battering Ram ×7
Feudal
10:37
Castle
15:03
Imperial
—
| APM avg | 35.5 |
| APM peak | 64 |
| eAPM avg | 19.5 |
| Villagers / military | 89 / 52 |
Focus
⚔️ 35.8% · 🌾 64.2%
Organ Gun ×23 · Militia ×14 · Monk ×11 · Petard ×3 · Mangonel ×1
Feudal
11:32
Castle
14:55
Imperial
35:05
| APM avg | 29.5 |
| APM peak | 64 |
| eAPM avg | 15.9 |
| Villagers / military | 151 / 52 |
Focus
⚔️ 16.9% · 🌾 83.1%
Knight ×44 · Battering Ram ×4 · Mangonel ×2 · Scout Cavalry ×2
Feudal
9:45
Castle
33:54
Imperial
—
| APM avg | 23.5 |
| APM peak | 68 |
| eAPM avg | 13.9 |
| Villagers / military | 79 / 76 |
Focus
⚔️ 34.6% · 🌾 65.4%
Serjeant ×33 · Skirmisher ×33 · Spearman ×7 · Battering Ram ×2 · Mangonel ×1
Feudal
—
Castle
—
Imperial
—
| APM avg | 34.3 |
| APM peak | 185 |
| eAPM avg | 31.4 |
| Villagers / military | 53 / 35 |
Focus
⚔️ 2.6% · 🌾 97.4%
Spearman ×25 · Steppe Lancer ×8 · Battering Ram ×2
Match map
Initial resources + every placement click. Lines = walls · curves = elevation contours. ◆ gold · ⬟ stone · ● berries · ✦ relic · ◌ wall gap
Your base· ✓ Closed at 14:54 · 0t walls · 2 gate(s)
cortes.av's base· ✓ Closed at 15:32 · 0t walls · 2 gate(s)
rodrigolbs's base· ✓ Closed at 20:23 · 29t walls · 2 gate(s) · fragile
月儿's base· ✓ Closed at 15:04 · 0t walls · 3 gate(s)
DrJorgexx's base· ✓ Closed at 15:03 · 0t walls · 3 gate(s)
garoumarcos's base· ✓ Closed at 14:55 · 0t walls · 2 gate(s)
stvmllc's base· ✓ Closed at 33:54 · 44t walls · 4 gate(s)
rubeolay's base· ✓ Closed at 17:02 · 0t walls · 3 gate(s)
Smoothed initial terrain · ◌ = detected wall gap · hover for details
Inputs per minute
— Xavi-10- - - cortes.av
Build order — Xavi-10-
First 150 of 387 actions detected
| 0:00 | Create | Villager (Male) |
| 0:01 | Create | Villager (Male) |
| 0:01 | Create | Villager (Male) |
| 0:01 | Create | Villager (Male) |
| 0:02 | Build | House |
| 0:04 | Build | House |
| 1:16 | Create | Villager (Male) |
| 1:16 | Create | Villager (Male) |
| 1:17 | Create | Villager (Male) |
| 1:41 | Create | Villager (Male) |
| 1:42 | Create | Villager (Male) |
| 1:42 | Create | Villager (Male) |
| 2:11 | Create | Villager (Male) |
| 2:11 | Create | Villager (Male) |
| 2:19 | Build | Lumber Camp |
| 2:48 | Create | Villager (Male) |
| 2:48 | Create | Villager (Male) |
| 2:48 | Create | Villager (Male) |
| 3:15 | Build | House |
| 3:17 | Build | House |
| 3:18 | Create | Villager (Male) |
| 3:18 | Create | Villager (Male) |
| 3:19 | Create | Villager (Male) |
| 3:40 | Create | Villager (Male) |
| 3:40 | Create | Villager (Male) |
| 3:41 | Create | Villager (Male) |
| 3:54 | Create | Villager (Male) |
| 3:54 | Create | Villager (Male) |
| 3:54 | Create | Villager (Male) |
| 4:09 | Create | Villager (Male) |
| 4:09 | Create | Villager (Male) |
| 4:10 | Create | Villager (Male) |
| 4:34 | Create | Villager (Male) |
| 4:34 | Create | Villager (Male) |
| 4:34 | Create | Villager (Male) |
| 4:56 | Create | Villager (Male) |
| 4:56 | Create | Villager (Male) |
| 4:56 | Create | Villager (Male) |
| 5:04 | Build | Mill |
| 5:49 | Build | Farm |
| 5:53 | Create | Villager (Male) |
| 5:53 | Create | Villager (Male) |
| 5:53 | Create | Villager (Male) |
| 6:20 | Create | Villager (Male) |
| 6:20 | Create | Villager (Male) |
| 6:35 | Create | Villager (Male) |
| 6:35 | Create | Villager (Male) |
| 6:35 | Create | Villager (Male) |
| 6:35 | Create | Villager (Male) |
| 8:02 | Create | Villager (Male) |
| 8:04 | Create | Villager (Male) |
| 8:44 | Build | Mining Camp |
| 8:55 | Research | Feudal Age |
| 9:24 | Create | Villager (Male) |
| 9:24 | Create | Villager (Male) |
| 10:04 | Build | House |
| 11:05 | Age | Feudal Age |
| 11:14 | Build | Blacksmith |
| 11:25 | Build | Market |
| 12:07 | Build | Farm |
| 12:10 | Build | Farm |
| 12:14 | Research | Castle Age |
| 13:03 | Research | Horse Collar |
| 13:17 | Research | Double-Bit Axe |
| 13:17 | Research | Double-Bit Axe |
| 13:32 | Build | Farm |
| 13:33 | Build | Farm |
| 14:47 | Create | Villager (Male) |
| 14:54 | Age | Castle Age |
| 14:57 | Build | Town Center |
| 15:03 | Create | Villager (Male) |
| 15:07 | Build | House |
| 15:08 | Build | House |
| 15:13 | Build | Town Center |
| 15:14 | Create | Villager (Male) |
| 15:20 | Build | Monastery |
| 15:23 | Build | Farm |
| 15:29 | Research | Bow Saw |
| 15:29 | Research | Bow Saw |
| 15:38 | Create | Villager (Male) |
| 15:45 | Build | House |
| 15:52 | Build | Farm |
| 16:02 | Create | Monk |
| 16:03 | Create | Monk |
| 16:09 | Create | Villager (Male) |
| 16:13 | Build | Farm |
| 16:30 | Create | Monk |
| 16:33 | Build | Farm |
| 16:35 | Build | Farm |
| 16:40 | Create | Villager (Male) |
| 16:41 | Create | Villager (Male) |
| 16:41 | Create | Villager (Male) |
| 16:45 | Build | Farm |
| 16:49 | Create | Villager (Male) |
| 16:49 | Create | Villager (Male) |
| 16:52 | Build | Farm |
| 17:06 | Create | Villager (Male) |
| 17:07 | Create | Villager (Male) |
| 17:07 | Create | Villager (Male) |
| 17:26 | Create | Villager (Male) |
| 17:26 | Create | Villager (Male) |
| 17:26 | Create | Villager (Male) |
| 17:31 | Build | Farm |
| 17:33 | Build | Farm |
| 17:36 | Build | Farm |
| 17:37 | Create | Villager (Male) |
| 17:37 | Create | Villager (Male) |
| 17:39 | Build | Farm |
| 17:43 | Build | Farm |
| 17:45 | Build | Farm |
| 17:48 | Create | Villager (Male) |
| 17:48 | Create | Villager (Male) |
| 17:49 | Create | Villager (Male) |
| 17:49 | Create | Villager (Male) |
| 17:53 | Build | Farm |
| 17:55 | Create | Villager (Male) |
| 18:13 | Create | Villager (Male) |
| 18:13 | Create | Villager (Male) |
| 18:14 | Create | Villager (Male) |
| 18:23 | Create | Villager (Male) |
| 18:23 | Create | Villager (Male) |
| 18:24 | Create | Villager (Male) |
| 18:26 | Create | Villager (Male) |
| 18:30 | Build | Farm |
| 18:34 | Build | Farm |
| 18:36 | Build | Farm |
| 18:37 | Create | Villager (Male) |
| 18:40 | Create | Villager (Male) |
| 18:41 | Create | Villager (Male) |
| 18:41 | Create | Villager (Male) |
| 18:46 | Build | Farm |
| 19:07 | Create | Villager (Male) |
| 19:07 | Create | Villager (Male) |
| 19:07 | Create | Villager (Male) |
| 19:07 | Create | Villager (Male) |
| 19:07 | Create | Villager (Male) |
| 19:19 | Create | Villager (Male) |
| 19:24 | Create | Villager (Male) |
| 19:28 | Build | Farm |
| 19:31 | Create | Villager (Male) |
| 19:35 | Build | Farm |
| 19:37 | Build | Farm |
| 19:39 | Build | Farm |
| 19:42 | Build | Farm |
| 19:43 | Create | Villager (Male) |
| 19:44 | Create | Villager (Male) |
| 19:46 | Create | Villager (Male) |
| 19:47 | Create | Villager (Male) |
| 19:52 | Build | Farm |
| 19:53 | Create | Villager (Male) |
Build order — cortes.av
First 150 of 251 actions detected
| 0:01 | Research | Loom |
| 0:02 | Research | Loom |
| 0:47 | Create | Villager (Male) |
| 0:47 | Create | Villager (Male) |
| 1:16 | Create | Villager (Male) |
| 1:17 | Create | Villager (Male) |
| 1:17 | Create | Villager (Male) |
| 1:45 | Create | Villager (Male) |
| 1:46 | Create | Villager (Male) |
| 2:13 | Create | Villager (Male) |
| 2:13 | Create | Villager (Male) |
| 2:33 | Create | Villager (Male) |
| 2:34 | Create | Villager (Male) |
| 2:51 | Build | House |
| 2:53 | Build | House |
| 3:01 | Create | Villager (Male) |
| 3:01 | Create | Villager (Male) |
| 3:27 | Create | Villager (Male) |
| 3:47 | Build | Lumber Camp |
| 3:58 | Create | Villager (Male) |
| 3:58 | Create | Villager (Male) |
| 3:58 | Create | Villager (Male) |
| 3:58 | Create | Villager (Male) |
| 4:38 | Create | Villager (Male) |
| 4:38 | Create | Villager (Male) |
| 5:07 | Create | Villager (Male) |
| 5:07 | Create | Villager (Male) |
| 5:54 | Create | Villager (Male) |
| 5:54 | Create | Villager (Male) |
| 6:10 | Build | Mill |
| 6:40 | Create | Villager (Male) |
| 7:16 | Build | Mill |
| 7:21 | Create | Villager (Male) |
| 7:21 | Create | Villager (Male) |
| 7:47 | Create | Villager (Male) |
| 8:17 | Build | Mining Camp |
| 8:46 | Research | Feudal Age |
| 9:21 | Build | House |
| 9:24 | Build | House |
| 9:33 | Build | Farm |
| 9:36 | Create | Villager (Male) |
| 9:37 | Create | Villager (Male) |
| 9:52 | Build | Farm |
| 10:45 | Build | Farm |
| 10:49 | Build | Farm |
| 10:56 | Age | Feudal Age |
| 11:04 | Build | Market |
| 11:34 | Create | Villager (Male) |
| 11:46 | Build | Blacksmith |
| 12:10 | Create | Villager (Male) |
| 12:17 | Build | Farm |
| 12:52 | Research | Castle Age |
| 13:02 | Build | Lumber Camp |
| 13:14 | Build | House |
| 13:15 | Build | House |
| 13:19 | Build | House |
| 13:40 | Research | Double-Bit Axe |
| 14:04 | Create | Villager (Male) |
| 14:08 | Build | Farm |
| 14:12 | Build | Farm |
| 14:16 | Create | Villager (Male) |
| 14:50 | Build | Farm |
| 15:32 | Age | Castle Age |
| 15:45 | Build | Town Center |
| 15:54 | Research | Horse Collar |
| 15:58 | Research | Bow Saw |
| 16:16 | Create | Villager (Male) |
| 16:30 | Build | Farm |
| 16:44 | Build | Farm |
| 16:45 | Create | Villager (Male) |
| 16:52 | Build | Farm |
| 16:53 | Build | Farm |
| 16:55 | Build | Farm |
| 16:58 | Build | Farm |
| 16:59 | Create | Villager (Male) |
| 17:00 | Create | Villager (Male) |
| 17:10 | Build | Farm |
| 17:16 | Build | Farm |
| 17:17 | Build | Farm |
| 17:20 | Build | Farm |
| 17:23 | Build | Farm |
| 17:24 | Create | Villager (Male) |
| 17:25 | Create | Villager (Male) |
| 17:30 | Build | Farm |
| 17:54 | Create | Villager (Male) |
| 17:55 | Create | Villager (Male) |
| 17:55 | Create | Villager (Male) |
| 18:06 | Build | Siege Workshop |
| 18:19 | Create | Villager (Male) |
| 18:20 | Create | Villager (Male) |
| 18:20 | Create | Villager (Male) |
| 18:34 | Create | Villager (Male) |
| 18:34 | Create | Villager (Male) |
| 18:42 | Create | Iron Pagoda |
| 19:01 | Create | Iron Pagoda |
| 19:03 | Create | Villager (Male) |
| 19:03 | Create | Villager (Male) |
| 19:04 | Create | Villager (Male) |
| 19:04 | Create | Villager (Male) |
| 19:12 | Build | Farm |
| 19:18 | Build | Farm |
| 19:25 | Create | Villager (Male) |
| 19:26 | Create | Villager (Male) |
| 20:00 | Create | Villager (Male) |
| 20:00 | Create | Villager (Male) |
| 20:00 | Create | Villager (Male) |
| 20:11 | Build | Gate |
| 20:20 | Create | Villager (Male) |
| 20:20 | Create | Villager (Male) |
| 20:21 | Create | Villager (Male) |
| 20:21 | Create | Villager (Male) |
| 20:28 | Build | Mill |
| 20:29 | Build | Farm |
| 20:30 | Build | Farm |
| 20:30 | Build | Farm |
| 20:30 | Build | Farm |
| 20:30 | Build | Farm |
| 20:31 | Build | Farm |
| 20:31 | Build | Farm |
| 20:31 | Build | Farm |
| 20:31 | Build | Farm |
| 21:04 | Create | Iron Pagoda |
| 21:04 | Create | Iron Pagoda |
| 21:13 | Create | Villager (Male) |
| 21:13 | Create | Villager (Male) |
| 21:14 | Create | Villager (Male) |
| 21:43 | Build | Farm |
| 21:51 | Create | Villager (Male) |
| 21:51 | Create | Villager (Male) |
| 21:52 | Create | Villager (Male) |
| 21:52 | Create | Villager (Male) |
| 21:52 | Create | Villager (Male) |
| 22:00 | Build | House |
| 22:01 | Build | House |
| 22:02 | Build | House |
| 22:09 | Create | Villager (Male) |
| 22:10 | Create | Villager (Male) |
| 22:10 | Create | Villager (Male) |
| 22:18 | Research | Gold Mining |
| 23:08 | Build | University |
| 23:16 | Create | Villager (Male) |
| 23:17 | Create | Villager (Male) |
| 23:17 | Create | Villager (Male) |
| 23:54 | Build | Barracks |
| 23:56 | Build | Barracks |
| 23:58 | Build | Barracks |
| 24:22 | Research | Imperial Age |
| 24:26 | Create | Battering Ram |
| 24:27 | Create | Battering Ram |
| 24:39 | Research | Scale Mail Armor |
Build order — rodrigolbs
150 actions detected in the replay
| 0:02 | Create | Villager (Male) |
| 0:03 | Create | Villager (Male) |
| 0:03 | Create | Villager (Male) |
| 0:05 | Build | House |
| 0:07 | Build | House |
| 0:30 | Create | Villager (Male) |
| 0:30 | Create | Villager (Male) |
| 1:30 | Create | Villager (Male) |
| 1:30 | Create | Villager (Male) |
| 2:04 | Build | Lumber Camp |
| 2:05 | Create | Villager (Male) |
| 2:05 | Create | Villager (Male) |
| 2:06 | Create | Villager (Male) |
| 2:24 | Create | Villager (Male) |
| 2:24 | Create | Villager (Male) |
| 2:58 | Create | Villager (Male) |
| 2:58 | Create | Villager (Male) |
| 3:08 | Create | Villager (Male) |
| 3:08 | Create | Villager (Male) |
| 3:44 | Create | Villager (Male) |
| 3:44 | Create | Villager (Male) |
| 3:54 | Build | House |
| 4:18 | Create | Villager (Male) |
| 4:19 | Create | Villager (Male) |
| 4:19 | Create | Villager (Male) |
| 4:36 | Build | Mill |
| 5:08 | Create | Villager (Male) |
| 5:08 | Create | Villager (Male) |
| 5:08 | Create | Villager (Male) |
| 5:29 | Create | Villager (Male) |
| 5:29 | Create | Villager (Male) |
| 5:37 | Build | House |
| 6:06 | Create | Villager (Male) |
| 6:07 | Create | Villager (Male) |
| 6:36 | Create | Villager (Male) |
| 6:57 | Build | Mill |
| 7:14 | Create | Villager (Male) |
| 7:14 | Create | Villager (Male) |
| 7:15 | Create | Villager (Male) |
| 7:18 | Create | Villager (Male) |
| 8:45 | Build | Mining Camp |
| 8:57 | Build | Farm |
| 9:02 | Create | Villager (Male) |
| 9:08 | Research | Feudal Age |
| 9:21 | Build | House |
| 9:24 | Build | House |
| 9:26 | Build | Palisade Wall |
| 9:31 | Build | Palisade Wall |
| 9:32 | Build | Palisade Wall |
| 9:34 | Build | Palisade Wall |
| 9:44 | Build | Palisade Wall |
| 9:45 | Create | Villager (Male) |
| 9:46 | Create | Villager (Male) |
| 9:49 | Build | House |
| 10:15 | Build | Palisade Wall |
| 10:17 | Build | Palisade Wall |
| 10:23 | Create | Villager (Male) |
| 10:31 | Build | Farm |
| 10:33 | Build | Farm |
| 10:36 | Build | Farm |
| 10:58 | Build | Palisade Wall |
| 11:09 | Build | Farm |
| 11:12 | Build | Farm |
| 11:14 | Build | Farm |
| 11:16 | Create | Villager (Male) |
| 11:18 | Age | Feudal Age |
| 11:19 | Build | Farm |
| 11:23 | Build | Farm |
| 11:35 | Create | Villager (Male) |
| 11:36 | Create | Villager (Male) |
| 11:49 | Build | Stone Wall |
| 11:54 | Build | Stone Wall |
| 12:12 | Create | Villager (Male) |
| 12:13 | Create | Villager (Male) |
| 12:30 | Build | House |
| 12:34 | Build | Palisade Wall |
| 12:46 | Build | Farm |
| 12:48 | Build | Farm |
| 12:51 | Create | Villager (Male) |
| 12:54 | Build | House |
| 12:57 | Build | House |
| 12:59 | Build | Palisade Wall |
| 13:01 | Create | Villager (Male) |
| 13:01 | Create | Villager (Male) |
| 13:05 | Build | Mining Camp |
| 13:40 | Build | House |
| 13:45 | Build | House |
| 13:52 | Build | Watch Tower |
| 15:02 | Create | Villager (Male) |
| 15:02 | Create | Villager (Male) |
| 15:13 | Build | House |
| 15:24 | Build | Farm |
| 15:33 | Build | Blacksmith |
| 16:16 | Create | Villager (Male) |
| 16:25 | Build | Market |
| 17:15 | Create | Villager (Male) |
| 17:16 | Create | Villager (Male) |
| 17:43 | Research | Castle Age |
| 17:50 | Build | Farm |
| 17:57 | Build | Farm |
| 18:00 | Build | Farm |
| 19:25 | Research | Town Watch |
| 19:57 | Research | Fletching |
| 20:23 | Age | Castle Age |
| 20:51 | Create | Villager (Male) |
| 20:52 | Create | Villager (Male) |
| 21:13 | Build | Siege Workshop |
| 21:47 | Build | Town Center |
| 22:10 | Create | Mangonel |
| 22:11 | Create | Mangonel |
| 22:11 | Create | Mangonel |
| 22:28 | Build | House |
| 22:30 | Build | House |
| 22:30 | Build | House |
| 23:23 | Create | Mangonel |
| 23:24 | Create | Villager (Male) |
| 23:25 | Create | Villager (Male) |
| 23:25 | Create | Villager (Male) |
| 24:03 | Build | Farm |
| 24:03 | Build | Farm |
| 24:03 | Build | Farm |
| 24:04 | Build | Farm |
| 24:04 | Build | Farm |
| 25:10 | Build | Farm |
| 25:10 | Build | Farm |
| 25:10 | Build | Farm |
| 25:10 | Build | Farm |
| 25:14 | Build | Farm |
| 25:22 | Create | Villager (Male) |
| 25:23 | Create | Villager (Male) |
| 25:48 | Build | Town Center |
| 27:11 | Build | Monastery |
| 27:24 | Build | House |
| 27:45 | Create | Monk |
| 27:45 | Create | Monk |
| 30:49 | Build | Town Center |
| 32:14 | Build | Town Center |
| 34:41 | Create | Villager (Male) |
| 34:42 | Create | Villager (Male) |
| 34:42 | Create | Villager (Male) |
| 34:42 | Create | Villager (Male) |
| 34:43 | Create | Villager (Male) |
| 34:50 | Build | Market |
| 36:20 | Build | Town Center |
| 36:39 | Build | Farm |
| 37:37 | Build | Farm |
| 37:40 | Build | Farm |
| 37:52 | Create | Villager (Male) |
| 37:53 | Create | Villager (Male) |
| 37:56 | Build | Farm |
Build order — 月儿
82 actions detected in the replay
| 0:05 | Build | House |
| 0:06 | Create | Villager (Male) |
| 0:06 | Create | Villager (Male) |
| 0:07 | Build | House |
| 0:22 | Create | Villager (Male) |
| 0:23 | Create | Villager (Male) |
| 1:34 | Create | Villager (Male) |
| 2:05 | Create | Villager (Male) |
| 2:22 | Create | Villager (Male) |
| 2:59 | Create | Villager (Male) |
| 3:09 | Build | Lumber Camp |
| 3:11 | Create | Villager (Male) |
| 3:41 | Create | Villager (Male) |
| 3:46 | Build | House |
| 3:47 | Build | House |
| 4:02 | Create | Villager (Male) |
| 4:36 | Create | Villager (Male) |
| 4:51 | Build | House |
| 5:09 | Create | Villager (Male) |
| 5:14 | Create | Villager (Male) |
| 5:21 | Build | Mill |
| 5:49 | Create | Villager (Male) |
| 5:50 | Create | Villager (Male) |
| 5:50 | Create | Villager (Male) |
| 6:25 | Create | Villager (Male) |
| 7:06 | Create | Villager (Male) |
| 7:12 | Build | Farm |
| 7:16 | Build | Farm |
| 7:58 | Create | Villager (Male) |
| 8:06 | Build | Mining Camp |
| 8:30 | Create | Villager (Male) |
| 8:59 | Research | Feudal Age |
| 9:17 | Create | Villager (Male) |
| 9:28 | Build | Farm |
| 10:12 | Build | Farm |
| 10:18 | Build | Mill |
| 10:29 | Create | Villager (Male) |
| 11:09 | Age | Feudal Age |
| 11:11 | Build | Blacksmith |
| 11:33 | Create | Villager (Male) |
| 11:46 | Build | Market |
| 12:08 | Build | House |
| 12:12 | Create | Villager (Male) |
| 12:24 | Research | Castle Age |
| 12:34 | Create | Villager (Male) |
| 12:40 | Build | House |
| 12:55 | Build | Lumber Camp |
| 13:19 | Research | Double-Bit Axe |
| 13:27 | Build | House |
| 13:30 | Create | Villager (Male) |
| 14:06 | Build | Lumber Camp |
| 14:10 | Build | House |
| 14:29 | Research | Gold Mining |
| 14:44 | Build | House |
| 15:04 | Age | Castle Age |
| 15:18 | Build | Siege Workshop |
| 15:27 | Create | Villager (Male) |
| 15:46 | Create | Villager (Male) |
| 15:53 | Research | Bow Saw |
| 16:05 | Create | Battering Ram |
| 16:24 | Create | Villager (Male) |
| 16:30 | Build | House |
| 16:30 | Create | Battering Ram |
| 16:50 | Create | Villager (Male) |
| 17:01 | Research | Gold Shaft Mining |
| 17:08 | Create | Battering Ram |
| 17:20 | Build | Siege Workshop |
| 17:46 | Create | Villager (Male) |
| 17:55 | Build | Farm |
| 17:59 | Create | Battering Ram |
| 18:14 | Create | Villager (Male) |
| 18:15 | Create | Villager (Male) |
| 18:21 | Create | Battering Ram |
| 18:24 | Build | House |
| 18:31 | Create | Battering Ram |
| 18:33 | Create | Battering Ram |
| 19:03 | Build | Farm |
| 19:04 | Create | Villager (Male) |
| 19:14 | Build | Farm |
| 19:16 | Create | Villager (Male) |
| 19:19 | Build | House |
| 19:57 | Create | Villager (Male) |
Build order — DrJorgexx
First 150 of 248 actions detected
| 0:02 | Build | House |
| 0:04 | Build | House |
| 0:05 | Create | Villager (Male) |
| 0:05 | Create | Villager (Male) |
| 0:05 | Create | Villager (Male) |
| 0:12 | Create | Villager (Male) |
| 0:12 | Create | Villager (Male) |
| 0:12 | Create | Villager (Male) |
| 0:13 | Create | Villager (Male) |
| 1:39 | Create | Villager (Male) |
| 1:40 | Create | Villager (Male) |
| 1:40 | Create | Villager (Male) |
| 1:56 | Build | Lumber Camp |
| 2:07 | Create | Villager (Male) |
| 2:08 | Create | Villager (Male) |
| 2:08 | Create | Villager (Male) |
| 2:18 | Create | Villager (Male) |
| 2:19 | Create | Villager (Male) |
| 2:19 | Create | Villager (Male) |
| 2:49 | Create | Villager (Male) |
| 2:50 | Create | Villager (Male) |
| 2:50 | Create | Villager (Male) |
| 3:17 | Create | Villager (Male) |
| 3:18 | Create | Villager (Male) |
| 3:18 | Create | Villager (Male) |
| 3:44 | Create | Villager (Male) |
| 3:44 | Create | Villager (Male) |
| 3:44 | Create | Villager (Male) |
| 3:44 | Create | Villager (Male) |
| 3:57 | Build | House |
| 3:58 | Build | House |
| 4:09 | Create | Villager (Male) |
| 4:10 | Create | Villager (Male) |
| 4:10 | Create | Villager (Male) |
| 5:06 | Create | Villager (Male) |
| 5:06 | Create | Villager (Male) |
| 5:07 | Create | Villager (Male) |
| 5:07 | Create | Villager (Male) |
| 5:07 | Create | Villager (Male) |
| 5:08 | Create | Villager (Male) |
| 5:10 | Build | Mill |
| 6:25 | Build | Mining Camp |
| 6:45 | Create | Villager (Male) |
| 6:48 | Create | Villager (Male) |
| 7:08 | Create | Villager (Male) |
| 7:58 | Create | Villager (Male) |
| 8:27 | Research | Feudal Age |
| 9:32 | Build | Farm |
| 9:34 | Build | Farm |
| 9:39 | Build | Farm |
| 10:37 | Age | Feudal Age |
| 10:39 | Create | Villager (Male) |
| 10:40 | Create | Villager (Male) |
| 11:07 | Build | Blacksmith |
| 11:10 | Build | Market |
| 11:21 | Create | Villager (Male) |
| 11:39 | Research | Loom |
| 11:43 | Build | House |
| 12:23 | Research | Castle Age |
| 12:23 | Research | Castle Age |
| 12:23 | Research | Castle Age |
| 13:23 | Research | Double-Bit Axe |
| 13:33 | Create | Villager (Male) |
| 14:16 | Create | Villager (Male) |
| 14:37 | Build | Farm |
| 14:40 | Build | Farm |
| 14:45 | Build | Farm |
| 14:50 | Create | Villager (Male) |
| 15:03 | Age | Castle Age |
| 15:07 | Build | Outpost |
| 15:23 | Build | Farm |
| 15:40 | Build | Mining Camp |
| 15:50 | Research | Town Watch |
| 15:51 | Create | Villager (Male) |
| 16:25 | Build | Castle |
| 16:37 | Build | Palisade Wall |
| 16:39 | Build | Palisade Wall |
| 16:40 | Build | Palisade Gate |
| 16:48 | Create | Villager (Male) |
| 16:48 | Create | Villager (Male) |
| 16:51 | Create | Villager (Male) |
| 16:55 | Create | Villager (Male) |
| 17:21 | Build | Lumber Camp |
| 17:25 | Build | Monastery |
| 17:29 | Research | Gold Mining |
| 17:30 | Create | Villager (Male) |
| 17:33 | Create | Villager (Male) |
| 17:33 | Create | Villager (Male) |
| 17:57 | Create | Organ Gun |
| 17:58 | Create | Organ Gun |
| 18:13 | Create | Villager (Male) |
| 18:16 | Create | Villager (Male) |
| 18:32 | Create | Organ Gun |
| 18:56 | Research | Bow Saw |
| 19:02 | Create | Villager (Male) |
| 19:04 | Create | Villager (Male) |
| 19:13 | Build | Farm |
| 19:13 | Build | Farm |
| 19:13 | Build | Farm |
| 19:21 | Create | Monk |
| 19:23 | Create | Organ Gun |
| 19:51 | Build | Gate |
| 20:08 | Build | Stone Wall |
| 20:21 | Build | Stone Wall |
| 20:38 | Create | Organ Gun |
| 20:54 | Create | Organ Gun |
| 20:55 | Create | Organ Gun |
| 20:57 | Create | Villager (Male) |
| 20:57 | Create | Villager (Male) |
| 20:58 | Create | Villager (Male) |
| 21:32 | Research | Horse Collar |
| 21:42 | Research | Sanctity |
| 21:57 | Create | Organ Gun |
| 22:08 | Create | Monk |
| 22:16 | Research | Redemption |
| 22:16 | Research | Redemption |
| 22:22 | Create | Villager (Male) |
| 22:22 | Create | Villager (Male) |
| 22:29 | Build | House |
| 22:30 | Build | House |
| 22:31 | Build | House |
| 22:42 | Create | Villager (Male) |
| 22:51 | Research | Sanctity |
| 22:54 | Create | Organ Gun |
| 23:16 | Build | Farm |
| 23:17 | Build | Farm |
| 23:23 | Create | Villager (Male) |
| 23:26 | Create | Monk |
| 23:30 | Build | Monastery |
| 23:41 | Create | Organ Gun |
| 23:44 | Create | Villager (Male) |
| 23:51 | Build | Farm |
| 24:01 | Create | Villager (Male) |
| 24:03 | Create | Organ Gun |
| 24:15 | Create | Monk |
| 24:36 | Build | Monastery |
| 24:44 | Create | Organ Gun |
| 24:44 | Create | Organ Gun |
| 24:49 | Create | Villager (Male) |
| 24:50 | Create | Villager (Male) |
| 24:53 | Build | Farm |
| 24:53 | Build | Farm |
| 24:56 | Create | Villager (Male) |
| 25:10 | Create | Monk |
| 25:11 | Create | Monk |
| 25:26 | Create | Organ Gun |
| 25:26 | Create | Organ Gun |
| 25:43 | Research | Fervor |
| 25:49 | Create | Monk |
| 25:52 | Create | Organ Gun |
Build order — garoumarcos
First 150 of 378 actions detected
| 0:05 | Create | Villager (Male) |
| 0:09 | Build | House |
| 0:12 | Build | House |
| 0:31 | Create | Villager (Male) |
| 0:31 | Create | Villager (Male) |
| 0:31 | Create | Villager (Male) |
| 0:31 | Create | Villager (Male) |
| 0:31 | Create | Villager (Male) |
| 0:31 | Create | Villager (Male) |
| 1:38 | Create | Villager (Male) |
| 1:38 | Create | Villager (Male) |
| 1:39 | Research | Loom |
| 1:40 | Research | Loom |
| 2:14 | Build | Lumber Camp |
| 2:48 | Create | Villager (Male) |
| 2:48 | Create | Villager (Male) |
| 2:48 | Create | Villager (Male) |
| 3:17 | Create | Villager (Male) |
| 3:17 | Create | Villager (Male) |
| 3:26 | Build | House |
| 3:29 | Build | House |
| 3:31 | Build | House |
| 3:31 | Build | House |
| 3:34 | Create | Villager (Male) |
| 3:34 | Create | Villager (Male) |
| 3:59 | Create | Villager (Male) |
| 3:59 | Create | Villager (Male) |
| 5:07 | Create | Villager (Male) |
| 5:07 | Create | Villager (Male) |
| 5:17 | Build | House |
| 5:35 | Create | Villager (Male) |
| 5:35 | Create | Villager (Male) |
| 5:36 | Create | Villager (Male) |
| 5:36 | Create | Villager (Male) |
| 5:36 | Create | Villager (Male) |
| 5:45 | Build | Mill |
| 6:08 | Create | Villager (Male) |
| 6:09 | Create | Villager (Male) |
| 7:03 | Build | Mill |
| 7:08 | Create | Villager (Male) |
| 7:08 | Create | Villager (Male) |
| 7:09 | Create | Villager (Male) |
| 7:45 | Create | Villager (Male) |
| 7:45 | Create | Villager (Male) |
| 7:45 | Create | Villager (Male) |
| 7:45 | Create | Villager (Male) |
| 7:45 | Create | Villager (Male) |
| 8:06 | Build | Farm |
| 8:14 | Build | Farm |
| 8:30 | Create | Villager (Male) |
| 9:00 | Build | Mining Camp |
| 9:28 | Research | Feudal Age |
| 9:29 | Research | Feudal Age |
| 9:45 | Create | Villager (Male) |
| 9:45 | Create | Villager (Male) |
| 10:46 | Create | Villager (Male) |
| 10:47 | Create | Villager (Male) |
| 11:32 | Age | Feudal Age |
| 11:37 | Build | Market |
| 11:43 | Build | Blacksmith |
| 11:50 | Build | Farm |
| 11:51 | Build | Farm |
| 12:30 | Research | Castle Age |
| 12:30 | Research | Castle Age |
| 12:56 | Research | Double-Bit Axe |
| 13:13 | Research | Horse Collar |
| 14:15 | Build | Farm |
| 14:17 | Build | Farm |
| 14:38 | Research | Gold Mining |
| 14:44 | Create | Villager (Male) |
| 14:44 | Create | Villager (Male) |
| 14:55 | Age | Castle Age |
| 15:03 | Build | Siege Workshop |
| 15:31 | Create | Villager (Male) |
| 15:32 | Create | Villager (Male) |
| 15:57 | Build | Mining Camp |
| 16:12 | Create | Mangonel |
| 16:14 | Create | Villager (Male) |
| 16:17 | Research | Bow Saw |
| 16:18 | Research | Bow Saw |
| 16:31 | Create | Villager (Male) |
| 16:57 | Create | Mangonel |
| 17:08 | Create | Villager (Male) |
| 17:08 | Create | Villager (Male) |
| 17:38 | Create | Battering Ram |
| 17:43 | Create | Villager (Male) |
| 18:03 | Build | Lumber Camp |
| 18:15 | Create | Villager (Male) |
| 18:16 | Create | Villager (Male) |
| 18:31 | Create | Villager (Male) |
| 18:59 | Build | Lumber Camp |
| 19:38 | Create | Villager (Male) |
| 19:38 | Create | Villager (Male) |
| 20:06 | Create | Villager (Male) |
| 20:06 | Create | Villager (Male) |
| 20:16 | Build | Barracks |
| 20:25 | Build | House |
| 20:26 | Build | House |
| 20:26 | Build | House |
| 20:32 | Research | Scale Barding Armor |
| 20:38 | Build | Farm |
| 20:38 | Build | Farm |
| 20:39 | Build | Farm |
| 20:39 | Build | Farm |
| 20:39 | Build | Farm |
| 20:39 | Build | Farm |
| 20:40 | Build | Farm |
| 20:40 | Build | Farm |
| 21:19 | Create | Villager (Male) |
| 21:19 | Create | Villager (Male) |
| 21:29 | Build | Town Center |
| 21:46 | Build | Stable |
| 21:50 | Create | Villager (Male) |
| 22:01 | Create | Villager (Male) |
| 22:01 | Create | Villager (Male) |
| 22:21 | Create | Battering Ram |
| 22:34 | Create | Villager (Male) |
| 22:45 | Create | Villager (Male) |
| 22:46 | Create | Villager (Male) |
| 22:46 | Create | Villager (Male) |
| 22:55 | Build | Farm |
| 22:55 | Build | Farm |
| 22:55 | Build | Farm |
| 22:55 | Build | Farm |
| 22:55 | Build | Farm |
| 23:30 | Build | Stable |
| 23:34 | Research | Bloodlines |
| 23:40 | Build | Stable |
| 23:47 | Create | Scout Cavalry |
| 23:47 | Create | Scout Cavalry |
| 24:12 | Create | Villager (Male) |
| 24:12 | Create | Villager (Male) |
| 24:12 | Create | Villager (Male) |
| 24:13 | Create | Villager (Male) |
| 24:13 | Create | Villager (Male) |
| 24:14 | Create | Villager (Male) |
| 24:33 | Build | Farm |
| 24:33 | Build | Farm |
| 24:33 | Build | Farm |
| 24:33 | Build | Farm |
| 24:34 | Build | Farm |
| 24:34 | Build | Farm |
| 24:34 | Build | Farm |
| 24:34 | Build | Farm |
| 24:35 | Build | Farm |
| 24:43 | Create | Knight |
| 24:43 | Create | Knight |
| 24:43 | Create | Knight |
| 24:43 | Create | Knight |
| 24:53 | Research | Chain Barding Armor |
Build order — stvmllc
First 150 of 229 actions detected
| 0:01 | Create | Villager (Male) |
| 0:02 | Create | Villager (Male) |
| 0:02 | Create | Villager (Male) |
| 0:02 | Create | Villager (Male) |
| 0:03 | Build | House |
| 0:05 | Build | House |
| 1:28 | Create | Villager (Male) |
| 1:29 | Create | Villager (Male) |
| 1:48 | Build | Lumber Camp |
| 2:07 | Create | Villager (Male) |
| 2:07 | Create | Villager (Male) |
| 2:21 | Create | Villager (Male) |
| 2:21 | Create | Villager (Male) |
| 3:02 | Create | Villager (Male) |
| 3:02 | Create | Villager (Male) |
| 3:32 | Create | Villager (Male) |
| 3:32 | Create | Villager (Male) |
| 4:14 | Create | Villager (Male) |
| 4:14 | Create | Villager (Male) |
| 4:24 | Build | House |
| 4:41 | Create | Villager (Male) |
| 4:41 | Create | Villager (Male) |
| 4:42 | Create | Villager (Male) |
| 4:42 | Create | Villager (Male) |
| 4:59 | Create | Villager (Male) |
| 5:00 | Create | Villager (Male) |
| 5:41 | Build | Mill |
| 5:55 | Create | Villager (Male) |
| 6:11 | Create | Villager (Male) |
| 6:22 | Build | House |
| 7:35 | Research | Feudal Age |
| 7:35 | Research | Loom |
| 8:02 | Build | House |
| 8:23 | Build | Donjon |
| 8:35 | Build | Mining Camp |
| 8:47 | Build | Mining Camp |
| 9:29 | Create | Villager (Male) |
| 9:45 | Age | Feudal Age |
| 9:45 | Create | Serjeant |
| 9:49 | Create | Serjeant |
| 9:56 | Create | Villager (Male) |
| 10:10 | Create | Villager (Male) |
| 11:01 | Build | Donjon |
| 11:22 | Create | Villager (Male) |
| 11:22 | Create | Villager (Male) |
| 11:40 | Create | Serjeant |
| 11:59 | Build | Blacksmith |
| 12:08 | Create | Villager (Male) |
| 12:53 | Create | Serjeant |
| 12:53 | Create | Serjeant |
| 13:08 | Build | House |
| 13:45 | Build | Donjon |
| 14:39 | Create | Villager (Male) |
| 14:39 | Create | Villager (Male) |
| 14:40 | Create | Villager (Male) |
| 14:40 | Create | Villager (Male) |
| 14:41 | Create | Villager (Male) |
| 15:24 | Build | Mill |
| 15:32 | Create | Villager (Male) |
| 15:36 | Create | Serjeant |
| 15:36 | Create | Serjeant |
| 15:43 | Build | Mill |
| 16:01 | Build | Donjon |
| 16:57 | Create | Villager (Male) |
| 17:11 | Create | Villager (Male) |
| 17:29 | Build | Mining Camp |
| 17:40 | Build | Farm |
| 17:43 | Build | Farm |
| 17:45 | Create | Villager (Male) |
| 17:51 | Research | Horse Collar |
| 17:53 | Build | Farm |
| 17:55 | Build | Farm |
| 18:05 | Create | Spearman |
| 18:05 | Create | Spearman |
| 18:06 | Create | Spearman |
| 18:25 | Build | Farm |
| 18:31 | Build | Farm |
| 18:52 | Build | Farm |
| 18:53 | Build | Farm |
| 19:41 | Create | Serjeant |
| 19:41 | Create | Serjeant |
| 19:42 | Create | Serjeant |
| 19:46 | Build | House |
| 19:47 | Build | House |
| 19:49 | Create | Villager (Male) |
| 19:49 | Create | Villager (Male) |
| 19:49 | Create | Villager (Male) |
| 19:49 | Create | Villager (Male) |
| 19:57 | Create | Villager (Male) |
| 20:32 | Research | Scale Mail Armor |
| 20:48 | Create | Villager (Male) |
| 20:48 | Create | Villager (Male) |
| 20:48 | Create | Villager (Male) |
| 20:54 | Build | Stone Wall |
| 21:08 | Build | Farm |
| 21:10 | Build | Farm |
| 21:11 | Build | Farm |
| 21:35 | Create | Serjeant |
| 21:39 | Build | Farm |
| 22:23 | Create | Serjeant |
| 22:23 | Create | Serjeant |
| 22:24 | Create | Serjeant |
| 22:24 | Create | Serjeant |
| 22:37 | Create | Spearman |
| 22:38 | Create | Spearman |
| 22:38 | Create | Spearman |
| 22:38 | Create | Spearman |
| 23:05 | Create | Villager (Male) |
| 23:10 | Build | Lumber Camp |
| 23:17 | Build | Farm |
| 23:18 | Build | Farm |
| 23:19 | Build | Farm |
| 23:27 | Build | House |
| 23:30 | Create | Villager (Male) |
| 23:31 | Create | Villager (Male) |
| 24:27 | Build | Farm |
| 24:29 | Build | Farm |
| 24:30 | Create | Villager (Male) |
| 24:30 | Create | Villager (Male) |
| 24:30 | Create | Villager (Male) |
| 24:33 | Build | Farm |
| 24:35 | Build | Farm |
| 25:09 | Build | House |
| 25:11 | Build | Palisade Wall |
| 25:21 | Create | Villager (Male) |
| 25:24 | Build | Farm |
| 25:25 | Build | Farm |
| 25:29 | Build | Farm |
| 25:30 | Build | Farm |
| 25:31 | Build | Farm |
| 25:39 | Build | Lumber Camp |
| 26:41 | Create | Serjeant |
| 26:42 | Create | Serjeant |
| 26:45 | Create | Villager (Male) |
| 26:45 | Create | Villager (Male) |
| 26:46 | Create | Villager (Male) |
| 26:50 | Build | Farm |
| 27:11 | Build | Donjon |
| 27:14 | Create | Serjeant |
| 27:14 | Create | Serjeant |
| 28:02 | Build | Palisade Wall |
| 28:08 | Build | House |
| 28:09 | Build | House |
| 28:48 | Build | Palisade Wall |
| 28:54 | Build | Palisade Wall |
| 29:00 | Build | House |
| 29:12 | Create | Villager (Male) |
| 29:12 | Create | Villager (Male) |
| 29:18 | Build | Stone Wall |
| 29:20 | Build | Stone Wall |
Build order — rubeolay
First 150 of 411 actions detected
| 0:16 | Build | House |
| 0:18 | Build | House |
| 0:19 | Build | House |
| 0:23 | Create | Villager (Male) ×4 |
| 1:49 | Build | Lumber Camp |
| 1:55 | Create | Villager (Male) |
| 2:18 | Create | Villager (Male) |
| 3:11 | Create | Villager (Male) |
| 3:11 | Create | Villager (Male) |
| 3:38 | Create | Villager (Male) |
| 4:02 | Create | Villager (Male) |
| 4:26 | Create | Villager (Male) |
| 4:43 | Create | Villager (Male) |
| 5:02 | Create | Villager (Male) |
| 5:03 | Create | Villager (Male) |
| 5:31 | Create | Villager (Male) |
| 5:32 | Create | Villager (Male) |
| 5:54 | Create | Villager (Male) |
| 6:00 | Create | Villager (Male) |
| 6:38 | Create | Villager (Male) |
| 6:38 | Create | Villager (Male) |
| 6:38 | Create | Villager (Male) |
| 7:20 | Build | Mill |
| 7:28 | Build | House |
| 8:45 | Create | Villager (Male) |
| 10:14 | Research | Feudal Age |
| 12:08 | Build | House |
| 12:12 | Create | Villager (Male) ×5 |
| 12:33 | Build | Farm |
| 15:42 | Build | Blacksmith |
| 15:49 | Build | Market |
| 15:58 | Build | Barracks |
| 16:17 | Build | Farm |
| 16:17 | Build | Farm |
| 16:17 | Build | Farm |
| 16:17 | Build | Farm |
| 16:17 | Build | Farm |
| 16:17 | Build | Farm |
| 16:17 | Build | Farm |
| 16:17 | Build | Farm |
| 16:18 | Build | Farm |
| 16:18 | Build | Farm |
| 16:18 | Build | Farm |
| 16:18 | Build | Farm |
| 16:18 | Build | Farm |
| 16:18 | Build | Farm |
| 16:18 | Build | Farm |
| 16:21 | Build | Farm |
| 16:21 | Build | Farm |
| 16:21 | Build | Farm |
| 16:21 | Build | Farm |
| 16:21 | Build | Farm |
| 16:21 | Build | Farm |
| 16:21 | Build | Farm |
| 16:21 | Build | Farm |
| 16:21 | Build | Farm |
| 16:22 | Build | Farm |
| 16:22 | Build | Farm |
| 16:22 | Build | Farm |
| 16:22 | Build | Farm |
| 16:22 | Build | Farm |
| 16:22 | Build | Farm |
| 16:22 | Build | Farm |
| 16:22 | Build | Farm |
| 16:22 | Build | Farm |
| 16:22 | Build | Farm |
| 16:22 | Build | Farm |
| 16:23 | Build | Farm |
| 16:23 | Build | Farm |
| 16:23 | Build | Farm |
| 16:23 | Build | Farm |
| 16:23 | Build | Farm |
| 16:23 | Build | Farm |
| 16:23 | Build | Farm |
| 16:23 | Build | Farm |
| 16:23 | Build | Farm |
| 16:23 | Build | Farm |
| 16:23 | Build | Farm |
| 16:23 | Build | Farm |
| 16:23 | Build | Farm |
| 16:23 | Build | Farm |
| 16:26 | Build | Farm |
| 16:26 | Build | Farm |
| 16:26 | Build | Farm |
| 16:26 | Build | Farm |
| 16:26 | Build | Farm |
| 16:26 | Build | Farm |
| 16:26 | Build | Farm |
| 16:26 | Build | Farm |
| 16:26 | Build | Farm |
| 16:26 | Build | Farm |
| 16:26 | Build | Farm |
| 16:26 | Build | Farm |
| 16:26 | Build | Farm |
| 16:26 | Build | Farm |
| 16:26 | Build | Farm |
| 16:26 | Build | Farm |
| 16:26 | Build | Farm |
| 16:26 | Build | Farm |
| 16:26 | Build | Farm |
| 17:02 | Research | Castle Age |
| 17:10 | Research | Double-Bit Axe |
| 17:13 | Build | Farm |
| 17:13 | Build | Farm |
| 17:13 | Research | Horse Collar |
| 17:13 | Build | Farm |
| 17:13 | Build | Farm |
| 17:13 | Build | Farm |
| 17:13 | Build | Farm |
| 17:13 | Build | Farm |
| 17:13 | Build | Farm |
| 17:13 | Build | Farm |
| 17:13 | Build | Farm |
| 17:13 | Build | Farm |
| 17:13 | Build | Farm |
| 17:13 | Build | Farm |
| 17:13 | Build | Farm |
| 17:13 | Build | Farm |
| 17:13 | Build | Farm |
| 17:13 | Build | Farm |
| 17:13 | Build | Farm |
| 17:13 | Build | Farm |
| 17:13 | Build | Farm |
| 17:13 | Build | Farm |
| 17:13 | Build | Farm |
| 17:32 | Build | Stable |
| 17:58 | Build | House |
| 18:00 | Build | House |
| 18:03 | Build | House |
| 18:31 | Build | House |
| 18:33 | Build | House |
| 18:35 | Build | House |
| 18:39 | Create | Villager (Male) |
| 19:43 | Create | Villager (Male) |
| 19:44 | Create | Villager (Male) |
| 19:52 | Build | Siege Workshop |
| 20:03 | Build | Farm |
| 20:03 | Build | Farm |
| 20:03 | Build | Farm |
| 20:03 | Build | Farm |
| 20:03 | Build | Farm |
| 20:03 | Build | Farm |
| 20:03 | Build | Farm |
| 20:03 | Build | Farm |
| 20:03 | Build | Farm |
| 20:03 | Build | Farm |
| 20:03 | Build | Farm |
| 20:04 | Build | Farm |
| 20:04 | Build | Farm |
| 20:04 | Build | Farm |
Match timeline
| 8:23 | stvmllc · first_building Donjon |
| 9:26 | rodrigolbs · wall_segment Palisade Wall x1 |
| 9:31 | rodrigolbs · wall_segment Palisade Wall x1 |
| 9:32 | rodrigolbs · wall_segment Palisade Wall x1 |
| 9:34 | rodrigolbs · wall_segment Palisade Wall x1 |
| 9:44 | rodrigolbs · wall_segment Palisade Wall x6 |
| 9:45 | stvmllc · age_up feudal |
| 10:15 | rodrigolbs · wall_segment Palisade Wall x1 |
| 10:17 | rodrigolbs · wall_segment Palisade Wall x1 |
| 10:37 | DrJorgexx · age_up feudal |
| 10:56 | cortes.av · age_up feudal |
| 10:58 | rodrigolbs · wall_segment Palisade Wall x1 |
| 11:05 | Xavi-10- · age_up feudal |
| 11:09 | 月儿 · age_up feudal |
| 11:18 | rodrigolbs · age_up feudal |
| 11:32 | garoumarcos · age_up feudal |
| 11:49 | rodrigolbs · wall_segment Stone Wall x10 |
| 11:54 | rodrigolbs · wall_segment Stone Wall x4 |
| 12:10 | DrJorgexx · first_market_sell 100 stone |
| 12:25 | garoumarcos · first_market_sell 100 wood |
| 12:34 | rodrigolbs · wall_segment Palisade Wall x1 |
| 12:59 | rodrigolbs · wall_segment Palisade Wall x1 |
| 14:34 | garoumarcos · first_market_buy 100 wood |
| 14:54 | Xavi-10- · age_up castle |
| 14:55 | garoumarcos · age_up castle |
| 15:03 | DrJorgexx · age_up castle |
| 15:03 | garoumarcos · first_building Siege Workshop |
| 15:04 | 月儿 · age_up castle |
| 15:18 | 月儿 · first_building Siege Workshop |
| 15:20 | Xavi-10- · first_building Monastery |
| 15:32 | cortes.av · age_up castle |
| 15:58 | rubeolay · first_building Barracks |
| 16:25 | DrJorgexx · first_building Castle |
| 16:37 | DrJorgexx · wall_segment Palisade Wall x1 |
| 16:39 | DrJorgexx · wall_segment Palisade Wall x5 |
| 17:25 | DrJorgexx · first_building Monastery |
| 17:32 | rodrigolbs · first_market_buy 100 food |
| 17:32 | rubeolay · first_building Stable |
| 18:06 | cortes.av · first_building Siege Workshop |
| 19:52 | rubeolay · first_building Siege Workshop |
| 20:08 | DrJorgexx · wall_segment Stone Wall x1 |
| 20:16 | garoumarcos · first_building Barracks |
| 20:21 | DrJorgexx · wall_segment Stone Wall x5 |
| 20:23 | rodrigolbs · age_up castle |
| 20:41 | 月儿 · resign |
| 20:54 | stvmllc · wall_segment Stone Wall x11 |
| 21:13 | rodrigolbs · first_building Siege Workshop |
| 21:46 | garoumarcos · first_building Stable |
| 23:54 | cortes.av · first_building Barracks |
| 24:29 | Xavi-10- · first_building Barracks |
| 24:55 | Xavi-10- · first_market_sell 100 wood |
| 25:11 | stvmllc · wall_segment Palisade Wall x1 |
| 25:39 | Xavi-10- · first_building Archery Range |
| 27:11 | rodrigolbs · first_building Monastery |
| 27:45 | cortes.av · age_up imperial |
| 28:02 | stvmllc · wall_segment Palisade Wall x13 |
| 28:08 | Xavi-10- · first_building Stable |
| 28:17 | Xavi-10- · age_up imperial |
| 28:27 | Xavi-10- · first_building Castle |
| 28:48 | stvmllc · wall_segment Palisade Wall x4 |
| 28:54 | stvmllc · wall_segment Palisade Wall x3 |
| 29:18 | stvmllc · wall_segment Stone Wall x14 |
| 29:20 | stvmllc · wall_segment Stone Wall x1 |
| 30:20 | stvmllc · wall_segment Palisade Wall x1 |
| 30:30 | garoumarcos · first_building Monastery |
| 30:48 | DrJorgexx · first_market_buy 100 wood |
| 31:00 | Xavi-10- · first_market_buy 100 wood |
| 31:25 | stvmllc · first_building Archery Range |
| 32:09 | DrJorgexx · first_building Barracks |
| 33:54 | stvmllc · age_up castle |
| 34:54 | stvmllc · first_building Siege Workshop |
| 35:04 | stvmllc · first_building Castle |
| 35:05 | garoumarcos · age_up imperial |
| 36:11 | DrJorgexx · wall_segment Stone Wall x7 |
| 36:36 | stvmllc · wall_segment Palisade Wall x1 |
[ AI ANALYSIS · 1 CREDIT ]
What really happened in this match?
Wolo.gg analyzes every decision: build order, eco, micro, common mistakes by bracket. Personalized analysis on WhatsApp or Discord in 30 seconds.
Civ guide
Magyars
Perfil
Xavi-10-